 Dungeon Crawl Stone Soup version 0.30-a0-137-gd8773701ce (webtiles) character file.

Game seed: 16399783141778825801

57 idk333 the Trooper (level 3, 0/34 HPs)
             Began as a Minotaur Berserker on Sept 23, 2022.
             Was a Believer of Trog.
             Slain by an adder (1 damage)
             ... on level 2 of the Dungeon.
             The game lasted 00:07:13 (1190 turns).

idk333 the Trooper (Minotaur Berserker)             Turns: 1190, Time: 00:07:16

Health: 0/34       AC:  2    Str: 23    XL:     3   Next: 73%
Magic:  2/2        EV: 12    Int:  4    God:    Trog [**....]
Gold:   34         SH:  0    Dex:  9    Spells: 2/2 levels left

rFire   . . .      SeeInvis .    a - +0 hand axe
rCold   . . .      Faith    .    (no shield)
rNeg    . . .      Spirit   .    b - +0 animal skin
rPois   .          Reflect  .    (helmet restricted)
rElec   .          Harm     .    (no cloak)
rCorr   .          Rampage  .    (no gloves)
Will    .....                    (no boots)
Stlth   +.........               (no amulet)
HPRegen 0.11/turn                (no ring)
MPRegen 0.08/turn                (no ring)

@: lethally poisoned (0 -> -4)
A: horns 2, retaliatory headbutt
a: Renounce Religion, Berserk, Trog's Hand


You were on level 2 of the Dungeon.
You worshipped Trog.
Trog was pleased with you.
You visited 1 branch of the dungeon, and saw 2 of its levels.

You collected 34 gold pieces.

Inventory:

Hand Weapons
 a - a +0 hand axe (weapon)
Armour
 b - a +0 animal skin (worn)
Scrolls
 e - a scroll of fog {unknown}
 f - a scroll of silence {unknown}
 g - a scroll of teleportation {unknown}
 h - a scroll of identify {unknown}
Potions
 c - 2 potions of might {unknown}
 d - a potion of lignification {unknown}


   Skills:
 + Level 4.6 Fighting
 + Level 4.4 Axes
 + Level 2.6 Armour
 + Level 2.6 Dodging


You had 2 spell levels left.
You didn't know any spells.
Your spell library was empty.

Dungeon Overview and Level Annotations

Branches:
Dungeon (2/15)

Altars:

Shops:
D:1 *


Innate Abilities, Weirdness & Mutations

You have a pair of horns on your head.
You reflexively headbutt those who attack you in melee.


Message History

You see here a +0 trident.
A quokka comes into view.
The quokka moves out of view.
Found a stone staircase leading down.
Found an escape hatch in the floor.
The quokka misses you.
A hobgoblin comes into view.
The hobgoblin shouts!
The quokka barely misses you.
There is a stone staircase leading up here.
The quokka attacks as you move away! The quokka misses you.
An adder comes into view.
The quokka closely misses you.
Found a scroll labelled FUICKIDGHUS.
The quokka attacks as you move away! The quokka barely misses you.
You furiously retaliate!
You headbutt the quokka. The hobgoblin barely misses you.
You furiously retaliate!
You headbutt the hobgoblin. The hobgoblin attacks as you move away!
The hobgoblin hits you but does no damage.
The quokka attacks as you move away! The quokka bites you. The adder bites you.
The adder bites you. The quokka barely misses you.
The adder attacks as you move away! The adder bites you.
* * * LOW HITPOINT WARNING * * *
You are poisoned.
The adder poisons you! The quokka attacks as you move away!
The quokka bites you.
* * * LOW HITPOINT WARNING * * *
x2 You feel sick.
The adder bites you but does no damage. The quokka attacks as you move away!
The quokka bites you but does no damage.
* * * LOW HITPOINT WARNING * * *
You feel sick. The adder misses you.
You hit the quokka but do no damage.
The quokka is moderately wounded.
You barely miss the adder. You closely miss the hobgoblin.
* * * LOW HITPOINT WARNING * * *
You feel sick. The quokka bites you.
* * * LOW HITPOINT WARNING * * *
The adder bites you.
You die...

....### .##....#
..#.##.# .......##
..#.##.. .##.##.##
........#
.####...##########
.###!..........g@#
.......<.......Sr#
.###..#.#..>.....#
.# #........>....#
## #.##.#.......?#
#.............#
#.............#
####.##########
#.#


You could see an adder, a quokka and a hobgoblin.

Vanquished Creatures
  2 adders (D:2)
  A worm (D:2)
  A dart slug (D:1)
  5 ball pythons (D:1)
  4 endoplasms
  3 goblins
  4 hobgoblins
  2 quokkas (D:1)
  4 bats
  2 frilled lizards (D:1)
  2 kobolds
  4 rats
34 creatures vanquished.

Vanquished Creatures (others)
  15 plants (D:2)
15 creatures vanquished.

Grand Total: 49 creatures vanquished

Notes
Turn   | Place    | Note
-------+----------+-------------------------------------------
     0 | D:1      | idk333 the Minotaur Berserker began the quest for the Orb.
     0 | D:1      | Reached XP level 1. HP: 19/19 MP: 0/0
    12 | D:1      | Found Rekesh's Assorted Antiques.
   152 | D:1      | Reached XP level 2. HP: 23/27 MP: 1/1
   346 | D:1      | Found a faded altar of an unknown god.
   714 | D:2      | Reached XP level 3. HP: 21/34 MP: 2/2
   930 | D:2      | Reached ** piety under Trog
  1190 | D:2      | HP: 1/34 [quokka (1)]
  1190 | D:2      | Slain by an adder

Illustrated notes

Levels and vault maps discovered:
D:1:      psy_arrival_whirlpool, layout_rooms, basic_ecumenical_altar,
          serial_shops, shop_statue
D:2:      layout_loops_cross, serial_bayou, serial_bayou_pond_d,
          serial_bayou_pond_d, serial_bayou_ford_a, serial_bayou_pond_d,
          serial_bayou_lagoon_b, uniq_crazy_yiuf_cottage

Skill      XL: |  1  2 |
---------------+-------+-----
Fighting       | 4 |  4.6
Axes           | 4 |  4.4
Armour         | |  2.6
Dodging        | |  2.6

Action                   || total
-------------------------++-------
Melee: Hand axe          ||    76
       Headbutt          ||     9
Armor: Animal skin       ||    17
Dodge: Dodged            ||    61

Table legend: (Time is in decaauts)
 A = Elapsed time spent in this place.
 B = Non-inter-level travel time spent in this place.
 C = Inter-level travel time spent in this place.
 D = Time resting spent in this place.
 E = Time spent auto-exploring this place.
 F = Levels seen in this place.
 G = Mean time per level.
                   A        B        C        D        E       F      G
               +--------+--------+--------+--------+--------+-----+--------+
         Total |   1225 |   1225 |      0 |      0 |      0 |   2 |  612.5 |
       Dungeon |   1225 |   1225 |      0 |      0 |      0 |   2 |  612.5 |
               +--------+--------+--------+--------+--------+-----+--------+

Top non-repeatable levels by time:
     D:1: 706 daAuts
     D:2: 519 daAuts
